 Dungeon Crawl Stone Soup version 0.30-a0-174-gbc10bd73c2 (webtiles) character file.

Game seed: 812074601177556155

1220 qw the Cleaver (level 8, -2/49 HPs)
             Began as a Gargoyle Fighter on Oct 1, 2022.
             Was an Initiate of Okawaru.
             Slain by a gnoll
             ... wielding a +0 spear
             ... led by a gnoll bouda
              (6 damage)
             ... on level 6 of the Dungeon.
             The game lasted 00:02:31 (5388 turns).

qw the Cleaver (Gargoyle Fighter)                   Turns: 5388, Time: 00:02:31

Health: -2/49      AC: 10    Str: 22    XL:     8   Next: 47%
Magic:  8/8        EV:  7    Int:  9    God:    Okawaru [......]
Gold:   359        SH:  4    Dex:  9    Spells: 7/7 levels left

rFire   . . .      SeeInvis .    Y - +0 war axe
rCold   . . .      Faith    .    c - +0 buckler
rNeg    + . .      Spirit   .    a - +0 chain mail
rPois   inf        Reflect  .    (no helmet)
rElec   +          Harm     .    (no cloak)
rCorr   .          Rampage  .    (no gloves)
Will    .....                    (no boots)
Stlth   ..........               (no amulet)
HPRegen 0.28/turn                j - +4 ring of protection
MPRegen 0.11/turn                (no ring)

@: about to teleport, corroded
A: sickness immunity, AC +5, negative energy resistance 1, electricity
resistance, torment resistance 1, petrification resistance
a: Renounce Religion


You were on level 6 of the Dungeon.
You worshipped Okawaru.
Okawaru was noncommittal.
You visited 2 branches of the dungeon, and saw 7 of its levels.

You collected 359 gold pieces.


Innate Abilities, Weirdness & Mutations

You are immune to sickness and miasma.
Your stone body is resilient. (AC +5)
You are immune to poison.
You resist negative energy. (rN+)
You are resistant to electric shocks. (rElec)
You are resistant to unholy torment.
You are immune to petrification.


   Skills:
 + Level 5.3 Fighting
 - Level 8.0 Axes
 - Level 2.0 Throwing
 - Level 3.2 Armour
 - Level 1.3 Dodging
 - Level 3.2 Shields


You had 7 spell levels left.
You didn't know any spells.
Your spell library was empty.

Inventory:

Hand Weapons
 p - a +0 morningstar
 Y - a +0 war axe (weapon)
Missiles
 q - a javelin (quivered)
Armour
 a - a +0 chain mail (worn)
 c - a +0 buckler (worn)
Jewellery
 j - a +4 ring of protection (left hand)
Scrolls
 g - a scroll of identify
 l - a scroll of teleportation
 m - a scroll of enchant armour
Potions
 b - a potion of lignification {unknown}
 d - 2 potions of might
 e - a potion of brilliance {unknown}
 f - 2 potions of haste
 h - a potion of invisibility {unknown}
 i - 2 potions of attraction
 k - 2 potions of mutation
 n - a potion of magic {unknown}
 o - a potion of curing {unknown}

Dungeon Overview and Level Annotations

Branches:
Dungeon (6/15)             Temple (1/1) D:6

Altars:
Ashenzari
Cheibriados
Elyvilon
Fedhas
Gozag
Hepliaklqana
Kikubaaqudgha
Makhleb
Nemelex Xobeh
Okawaru
Ru
Sif Muna
Trog
Uskayaw
Vehumet
Wu Jian
Xom
Yredelemnul
Zin

Shops:
D:1 :   D:5 (

Annotations:
D:4 1 runed translucent door, qw's ghost, weakling GrFi
D:6 Grinder


Message History

Okawaru accepts your kill.
You hit the gnoll bouda. You hit the jelly. The acid corrodes you!
Your hands burn!
You slash the gnoll!
The gnoll hits you from afar with a +0 spear.
The jelly hits you but does no damage.
The gnoll hits you from afar with a +3 spear.
The gnoll bouda calls upon its god to heal the gnoll.
The gnoll is healed somewhat.
The gnoll barely misses you.
Your Axes skill increases to level 8!
You hit the gnoll bouda but do no damage.
The gnoll bouda is severely wounded.
You hit the jelly. The acid corrodes you!
Your hands burn!
You hit the gnoll. You hit the gnoll but do no damage.
You block the gnoll's attack. The jelly barely misses you.
You block the gnoll's attack. The gnoll completely misses you.
The gnoll bouda mumbles some strange prayers to its god.
The gnoll bouda is healed somewhat.
The gnoll hits you but does no damage.
You slash the jelly!
You kill the jelly!
Okawaru accepts your kill.
You hit the gnoll. You hit the gnoll but do no damage. You hit the gnoll bouda.
You block the gnoll's attack.
The gnoll hits you from afar with a +3 spear.
The gnoll hits you with a +0 club.
The gnoll bouda hits you with a +0 whip.
The gnoll hits you but does no damage.
You hit the gnoll bouda but do no damage.
The gnoll bouda is severely wounded.
You closely miss the gnoll. x2; You hit the gnoll.
The gnoll barely misses you.
The gnoll hits you from afar with a +3 spear!
The gnoll hits you but does no damage. The gnoll hits you with a +0 flail.
The gnoll bouda hits you but does no damage.
The gnoll hits you with a +0 whip.
5388 ||| READING 2 scrolls of teleportation.
As you read the scroll of teleportation, it crumbles to dust.
You feel strangely unstable.
Your attacks no longer feel as feeble.
The gnoll hits you from afar with a +0 spear.
You die...

##..##......#
#..#####...##
##..# ##..#
#..## ##..#
##..# #..#
######...#
#...
.........#
#....
........##
......g@#
.....gggg#
.......g.g.
............#
............#
............#
.............
####.........#


You could see a gnoll bouda and 6 gnolls.

Vanquished Creatures
  A water moccasin (D:5)
  A sky beast (D:5)
  A black bear (D:6)
  An ogre (D:5)
  A centaur (D:5)
  A scorpion (D:5)
  2 hounds
  2 jellies
  2 orc priests
  A gnoll bouda (D:4)
  Terence (D:3)
  3 iguanas
  3 orc wizards
  8 adders
  12 gnolls
  A white imp (D:5)
  A worm (D:2)
  2 dart slugs (D:1)
  14 orcs
  6 ball pythons
  3 bats
  9 endoplasms
  2 giant cockroaches
  7 goblins
  10 hobgoblins
  6 jackals
  6 kobolds
  6 quokkas
  3 training dummies (D:5)
  4 frilled lizards (D:1)
  8 rats
128 creatures vanquished.

Vanquished Creatures (others)
  A bush (D:5)
1 creature vanquished.

Grand Total: 129 creatures vanquished

Notes
Turn   | Place    | Note
-------+----------+-------------------------------------------
     0 | D:1      | qw the Gargoyle Fighter began the quest for the Orb.
     0 | D:1      | Reached XP level 1. HP: 14/14 MP: 1/1
     0 | D:1      | 0 ||| qw: Version: 0.2-a-13-gfc7b4b4
     0 | D:1      | 0 ||| qw: Game counter: 1873
     0 | D:1      | 0 ||| qw: Always use a shield: true
     0 | D:1      | 0 ||| qw: God list: Okawaru
     0 | D:1      | 0 ||| qw: Allow faded altars: false
     0 | D:1      | 0 ||| qw: Do Orc after D:15 true
     0 | D:1      | 0 ||| qw: Do second Lair branch before Depths: true
     0 | D:1      | 0 ||| qw: Lair rune preference: random
     0 | D:1      | 0 ||| qw: Plans: Normal, Zot:1-4, God:TSO, Crypt, Tomb,
                  | Pan, Slime:5, Hells, Abyss, Orb
     0 | D:1      | 0 ||| PLANNING D:1-11
    42 | D:1      | Reached skill level 2 in Axes
   103 | D:1      | Reached XP level 2. HP: 19/19 MP: 2/2
   287 | D:1      | Reached skill level 3 in Axes
   318 | D:1      | Reached XP level 3. HP: 23/23 MP: 3/3
   380 | D:1      | 380 ||| Stepping ~*~*~tactically~*~*~ (stealth).
   511 | D:1      | Found Tedghu Myisk's Book Shoppe.
   746 | D:1      | 746 ||| READING scroll labelled JELUCKOF ERUETUYXI.
   747 | D:1      | 747 ||| READING 2 scrolls labelled FYORHU HAOTEO.
   748 | D:1      | 748 ||| READING scroll labelled GEGUIK UTSOSKUN.
   749 | D:1      | 749 ||| READING scroll labelled QUJEKHL GORHA.
   753 | D:1      | 753 ||| DRINKING 2 cyan potions.
   754 | D:1      | 754 ||| DROPPING potion of flight.
   841 | D:2      | 841 ||| Stepping ~*~*~tactically~*~*~ (stealth).
   848 | D:2      | Reached XP level 4. HP: 23/28 MP: 4/4
   852 | D:2      | 852 ||| FLEEEEING.
   853 | D:2      | 853 ||| FLEEEEING.
   854 | D:2      | 854 ||| FLEEEEING.
   855 | D:2      | 855 ||| FLEEEEING.
   856 | D:2      | 856 ||| FLEEEEING.
  1210 | D:2      | Reached skill level 4 in Axes
  1331 | D:2      | 1331 ||| Stepping ~*~*~tactically~*~*~ (stealth).
  1335 | D:2      | 1335 ||| Stepping ~*~*~tactically~*~*~ (stealth).
  1352 | D:2      | Found a faded altar of an unknown god.
  1645 | D:2      | 1645 ||| UPGRADING to +0 chain mail.
  1655 | D:2      | 1655 ||| DROPPING +0 scale mail.
  1656 | D:2      | 1656 ||| READING scroll labelled LUBIRPH UHAN.
  1657 | D:2      | 1657 ||| DRINKING 2 fizzy green potions.
  1758 | D:2      | 1758 ||| READING 4 scrolls of identify.
  1758 | D:2      | 1758 ||| IDENTIFYING ruby potion
  1759 | D:2      | 1759 ||| READING 3 scrolls of identify.
  1759 | D:2      | 1759 ||| IDENTIFYING silvery potion
  1760 | D:2      | 1760 ||| READING 2 scrolls of identify.
  1760 | D:2      | 1760 ||| IDENTIFYING green potion
  1761 | D:2      | 1761 ||| DROPPING potion of ambrosia.
  1822 | D:3      | 1822 ||| Stepping ~*~*~tactically~*~*~ (stealth).
  1841 | D:3      | 1841 ||| Stepping ~*~*~tactically~*~*~ (stealth).
  1842 | D:3      | 1842 ||| Stepping ~*~*~tactically~*~*~ (stealth).
  1847 | D:3      | 1847 ||| Stepping ~*~*~tactically~*~*~ (stealth).
  1848 | D:3      | 1848 ||| Stepping ~*~*~tactically~*~*~ (stealth).
  1849 | D:3      | 1849 ||| Stepping ~*~*~tactically~*~*~ (stealth).
  1850 | D:3      | 1850 ||| Stepping ~*~*~tactically~*~*~ (stealth).
  1908 | D:3      | 1908 ||| Stepping ~*~*~tactically~*~*~ (stealth).
  2085 | D:3      | Reached XP level 5. HP: 30/32 MP: 5/5
  2138 | D:3      | Noticed Terence
  2150 | D:3      | Killed Terence
  2151 | D:3      | Reached skill level 5 in Axes
  2154 | D:3      | 2154 ||| DROPPING +0 club.
  2503 | D:3      | 2503 ||| READING scroll labelled EMIARIV IWAYCK.
  2504 | D:3      | 2504 ||| READING 2 scrolls labelled WEINKE RINI.
  2505 | D:3      | 2505 ||| READING scroll labelled BUITHR QAELUCH.
  2606 | D:3      | 2606 ||| READING scroll labelled EDOVOG TEZYES.
  2607 | D:3      | 2607 ||| DROPPING scroll of amnesia.
  2649 | D:4      | 2649 ||| Stepping ~*~*~tactically~*~*~ (stealth).
  2661 | D:4      | 2661 ||| Stepping ~*~*~tactically~*~*~ (stealth).
  2721 | D:4      | 2721 ||| Stepping ~*~*~tactically~*~*~ (stealth).
  2750 | D:4      | Found a runed translucent door.
  2753 | D:4      | Noticed qw's ghost (weakling GrFi)
  2884 | D:4      | Reached XP level 6. HP: 38/38 MP: 6/6
  2904 | D:4      | 2904 ||| Stepping ~*~*~tactically~*~*~ (stealth).
  3273 | D:4      | 3273 ||| DROPPING +0 mace.
  3353 | D:4      | 3353 ||| Stepping ~*~*~tactically~*~*~ (stealth).
  3431 | D:4      | Found a hazy altar of Hepliaklqana.
  3486 | D:4      | 3486 ||| DROPPING +0 flail.
  3774 | D:4      | 3774 ||| UPGRADING to +4 ring of protection.
  3775 | D:4      | 3775 ||| READING scroll labelled BEUNUFUTHU.
  3776 | D:4      | 3776 ||| READING 2 scrolls labelled UHIQEODGH FOUWNUR.
  3804 | D:5      | Entered Level 5 of the Dungeon
  3897 | D:5      | Found Xekaen's Firing Range.
  3917 | D:5      | Reached skill level 6 in Axes
  3931 | D:5      | Noticed a water moccasin
  3941 | D:5      | Reached skill level 1 in Dodging
  3942 | D:5      | Killed a water moccasin
  3943 | D:5      | Reached XP level 7. HP: 31/43 MP: 7/7
  4029 | D:5      | 4029 ||| Stepping ~*~*~tactically~*~*~ (hiding).
  4039 | D:5      | Reached skill level 1 in Throwing
  4041 | D:5      | 4041 ||| Stepping ~*~*~tactically~*~*~ (hiding).
  4042 | D:5      | 4042 ||| Stepping ~*~*~tactically~*~*~ (hiding).
  4206 | D:5      | 4206 ||| Stepping ~*~*~tactically~*~*~ (hiding).
  4275 | D:5      | HP: 8/43 [ogre/+0 giant spiked club (13)]
  4276 | D:5      | 4276 ||| READING 3 scrolls of teleportation.
  4278 | D:5      | Reached skill level 7 in Axes
  4283 | D:5      | 4283 ||| FLEEEEING.
  4285 | D:5      | 4285 ||| FLEEEEING.
  4286 | D:5      | 4286 ||| FLEEEEING.
  4291 | D:5      | HP: 8/43 [gnoll/+0 club (4)]
  4292 | D:5      | 4292 ||| READING 2 scrolls of teleportation.
  4297 | D:5      | 4297 ||| FLEEEEING.
  4298 | D:5      | 4298 ||| FLEEEEING.
  4299 | D:5      | 4299 ||| FLEEEEING.
  4300 | D:5      | 4300 ||| FLEEEEING.
  4301 | D:5      | 4301 ||| FLEEEEING.
  4302 | D:5      | 4302 ||| FLEEEEING.
  4303 | D:5      | 4303 ||| FLEEEEING.
  4304 | D:5      | 4304 ||| FLEEEEING.
  4305 | D:5      | 4305 ||| FLEEEEING.
  4306 | D:5      | 4306 ||| FLEEEEING.
  4307 | D:5      | 4307 ||| FLEEEEING.
  4308 | D:5      | 4308 ||| FLEEEEING.
  4317 | D:5      | 4317 ||| FLEEEEING.
  4318 | D:5      | 4318 ||| STAIRDANCE
  4466 | D:4      | 4466 ||| READING 2 scrolls labelled RIOSOO DIPPOU.
  4467 | D:4      | 4467 ||| DRINKING 2 orange potions.
  4468 | D:4      | 4468 ||| DROPPING scroll of poison.
  4607 | D:5      | Reached XP level 8. HP: 39/48 MP: 8/8
  4708 | D:5      | Found a basalt altar of Yredelemnul.
  4784 | D:5      | Found an ornate altar of the Wu Jian Council.
  4833 | D:6      | 4833 ||| STAIRDANCE
  4955 | D:6      | Noticed Grinder
  4966 | D:6      | Paralysed by Grinder for 4 turns
  4968 | D:6      | HP: 12/49 [Grinder/puff of flame (3)]
  4969 | D:6      | HP: 4/49 [Grinder (2)]
  4970 | D:6      | 4970 ||| READING 2 scrolls of teleportation.
  4971 | D:6      | 4971 ||| DRINKING potion of heal wounds.
  4971 | D:6      | Paralysed by Grinder for 4 turns
  5076 | D:6      | 5076 ||| Invisible monster not found???
  5080 | D:6      | 5080 ||| Stepping ~*~*~tactically~*~*~ (stealth).
  5107 | D:6      | Found a staircase to the Ecumenical Temple.
  5108 | D:6      | 5108 ||| PLANNING TEMPLE
  5113 | D:6      | 5113 ||| Stepping ~*~*~tactically~*~*~ (stealth).
  5114 | D:6      | 5114 ||| Stepping ~*~*~tactically~*~*~ (stealth).
  5115 | D:6      | 5115 ||| Stepping ~*~*~tactically~*~*~ (stealth).
  5133 | Temple   | Entered the Ecumenical Temple
  5139 | Temple   | 5139 ||| PLANNING OKAWARU WORSHIP
  5296 | Temple   | Became a worshipper of Warmaster Okawaru
  5297 | Temple   | 5297 ||| PLANNING D:1-11
  5376 | D:6      | 5376 ||| Stepping ~*~*~tactically~*~*~ (hiding).
  5385 | D:6      | Reached skill level 8 in Axes
  5387 | D:6      | HP: 10/49 [gnoll/+3 spear (7)]
  5387 | D:6      | HP: 3/49 [gnoll/+0 whip[a gnoll bouda] (2)]
  5388 | D:6      | 5388 ||| READING 2 scrolls of teleportation.
  5388 | D:6      | Slain by a gnoll

Levels and vault maps discovered:
D:1:      psy_arrival_statuary, layout_basic, serial_shops,
          nicolae_shop_waterfront
D:2:      layout_basic, nicolae_ecumenical_snake_handling
D:3:      layout_basic, uniq_terence
D:4:      layout_basic, lemuel_round_altar, ebering_ghost_reflecting_pool
D:5:      layout_rooms, mainiacjoe_overflow_catch_the_wave,
          nicolae_shop_firing_range
D:6:      layout_layer_cave, temple_fountains, serial_shops,
          kennysheep_little_box, uniq_duvessa, uniq_crazy_yiuf_cottage,
          uniq_grinder, uniq_eustachio
Temple:   regret_index_temple_sphere_string

Skill      XL: |  1  2  3  4  5  6  7  8 |
---------------+-------------------------+-----
Axes           | 2 3 4 5 6 7 8 |  8.0
Fighting       | 4 5 |  5.3
Dodging        | 1 |  1.3
Throwing       | 1 2 |  2.0
Armour         | |  3.2
Shields        | |  3.2

Action                   |  1- 3 |  4- 6 |  7- 9 || total
-------------------------+-------+-------+-------++-------
Melee: War axe           |   101 |   219 |   141 ||   461
Throw: Javelin           |       |     1 |     5 ||     6
       Boomerang         |       |     1 |       ||     1
  Use: Scroll            |     4 |    10 |     5 ||    19
       Potion            |     1 |     1 |     2 ||     4
Armor: Scale mail        |    38 |    22 |       ||    60
       Chain mail        |       |    99 |   128 ||   227
Dodge: Dodged            |    42 |    82 |    59 ||   183
Block: Buckler           |    16 |    44 |    30 ||    90

Table legend:
 A = Non-vault XP
 B = Vault XP
 C = Vault XP percentage of total XP
 D = Non-vault monster count
 E = Vault monster count
 F = Vault count percentage of total count
                 A         B        C        D         E       F
            +---------+---------+-------+---------+---------+-------
      Total |    1684 |      59 |   3.4 |     120 |       8 |   6.2
            +---------+---------+-------+---------+---------+-------
        D:1 |      66 |       0 |   0.0 |      29 |       0 |   0.0
        D:2 |      50 |      17 |  25.4 |      14 |       4 |  22.2
        D:3 |      83 |      36 |  30.3 |      20 |       1 |   4.8
        D:4 |     236 |       0 |   0.0 |      25 |       0 |   0.0
        D:5 |     874 |       6 |   0.7 |      20 |       3 |  13.0
        D:6 |     375 |       0 |   0.0 |      12 |       0 |   0.0
            +---------+---------+-------+---------+---------+-------
